PAA
DURHAM RAPIERS @ MINNESOTA LOONS
07/29/2031
 
TOP OF THE 1ST
Durham Rapiers batting - Pitching for Minnesota Loons : LHP Steve Tedder
Pitching: LHP Steve Tedder
Batting: LHB Alberto Garza 0-0: Ball
1-0: Called Strike
1-1: Ball
2-1: Called Strike
2-2: Foul Ball, location: 2F
2-2: Ground out 5-3 (Groundball, 56)
Batting: RHB Tomás Costello 0-0: SINGLE (Groundball, 56D)
Batting: RHB Tomás Duarte 0-0: Called Strike
0-1: Ball
1-1: Called Strike
1-2: Foul Ball, location: 2F
1-2: Ball
2-2: Strikes out swinging
Batting: RHB Guillermo Mata 0-0: Called Strike
0-1: Swinging Strike
0-2: Ball
1-2: Fly out, F7 (Flyball, 7D)
Top of the 1st over - 0 runs, 1 hit, 0 errors, 1 left on base; Durham 0 - Minnesota 0
BOTTOM OF THE 1ST
Minnesota Loons batting - Pitching for Durham Rapiers : RHP Francisco Rivera
Pitching: RHP Francisco Rivera
Batting: RHB Dhyana Snigdha 0-0: Ball
1-0: Foul Ball, location: 2F
1-1: Called Strike
1-2: Foul Ball, location: 2F
1-2: Ground out 4-3 (Groundball, 4)
Batting: RHB Jorge Echevarría 0-0: Ball
1-0: Ball
2-0: Called Strike
2-1: Swinging Strike
2-2: Foul Ball, location: 2F
2-2: Fly out, F7 (Flyball, 7LM)
Batting: RHB Ángelo Delgado 0-0: Called Strike
0-1: Fly out, F7 (Flyball, 7S)
Bottom of the 1st over - 0 runs, 0 hits, 0 errors, 0 left on base; Durham 0 - Minnesota 0
TOP OF THE 2ND
Durham Rapiers batting - Pitching for Minnesota Loons : LHP Steve Tedder
Batting: RHB Armando Chamú 0-0: Ball
1-0: Swinging Strike
1-1: Called Strike
1-2: Strikes out looking
Batting: RHB Raúl Moreno 0-0: Ball
1-0: Ball
2-0: Called Strike
2-1: Ball
3-1: Base on Balls
Batting: RHB Júlio Gonzáles 0-0: Ball
1-0: Called Strike
1-1: Foul Ball, location: 2F
1-2: SINGLE (Groundball, 4MD)
Raúl Moreno to second
Batting: RHB Yoshi Kouda 0-0: Swinging Strike
0-1: SINGLE (Groundball, 4MD)
Raúl Moreno to third
Júlio Gonzáles to second
Runner from 3rd tries for Home, SAFE, throw made home
Batting: SHB Fernando Rincón 0-0: Foul Ball, location: 2F
0-1: Foul Ball, location: 2F
0-2: Foul Ball, location: 2F
0-2: SINGLE (Flyball, 8LS)
Júlio Gonzáles to third
Yoshi Kouda to second
Batting: LHB Alberto Garza 0-0: Called Strike
0-1: Foul Ball, location: 2F
0-2: Ball
1-2: Strikes out swinging
Batting: RHB Tomás Costello 0-0: Ball
1-0: SINGLE (Groundball, 6D)
Júlio Gonzáles scores
Yoshi Kouda to third
Fernando Rincón to second
Runner from 3rd tries for Home, SAFE, no throw
Batting: RHB Tomás Duarte 0-0: Ball
1-0: Swinging Strike
1-1: Foul Ball, location: 2F
1-2: Strikes out looking
Top of the 2nd over - 3 runs, 4 hits, 0 errors, 2 left on base; Durham 3 - Minnesota 0
BOTTOM OF THE 2ND
Minnesota Loons batting - Pitching for Durham Rapiers : RHP Francisco Rivera
Batting: RHB Luis Delvalle 0-0: Ball
1-0: Foul Ball, location: 2F
1-1: Ground out 6-3 (Groundball, 6)
Batting: RHB Júlio Vargas 0-0: Ball
1-0: Ball
2-0: Foul Ball, location: 2F
2-1: Swinging Strike
2-2: Strikes out swinging
Batting: RHB Jimmy Fick 0-0: Ball
1-0: Called Strike
1-1: Foul Ball, location: 2F
1-2: Fly out, F7 (Line Drive, 78D)
Bottom of the 2nd over - 0 runs, 0 hits, 0 errors, 0 left on base; Durham 3 - Minnesota 0
TOP OF THE 3RD
Durham Rapiers batting - Pitching for Minnesota Loons : LHP Steve Tedder
Batting: RHB Guillermo Mata 0-0: Called Strike
0-1: Ball
1-1: Ball
2-1: Ball
3-1: Swinging Strike
3-2: Foul Ball, location: 2F
3-2: Base on Balls
Batting: RHB Armando Chamú 0-0: Called Strike
0-1: Called Strike
0-2: Foul Ball, location: 2F
0-2: Ball
1-2: SINGLE (Flyball, 9S)
Guillermo Mata to second
Runner from 2nd tries for 3rd, SAFE, throw made to third
Batting: RHB Raúl Moreno 0-0: Called Strike
0-1: Swinging Strike
0-2: Ball
1-2: Strikes out swinging
Batting: RHB Júlio Gonzáles 0-0: Foul Ball, location: 2F
0-1: Swinging Strike
0-2: Ball
1-2: Strikes out swinging
Batting: RHB Yoshi Kouda 0-0: DOUBLE (Line Drive, 8LD)
Guillermo Mata scores
Armando Chamú to third
Batting: SHB Fernando Rincón 0-0: Foul Ball, location: 2F
0-1: Ball
1-1: Fly out, F9 (Flyball, 9S)
Top of the 3rd over - 1 run, 2 hits, 0 errors, 2 left on base; Durham 4 - Minnesota 0
BOTTOM OF THE 3RD
Minnesota Loons batting - Pitching for Durham Rapiers : RHP Francisco Rivera
Batting: RHB Cody Jaeckel 0-0: Called Strike
0-1: Ball
1-1: Swinging Strike
1-2: Foul Ball, location: 2F
1-2: Strikes out swinging
Batting: RHB José de la Cavallería 0-0: SINGLE (Groundball, 56D)
Batting: RHB Rubén Medina 0-0: Called Strike
0-1: Swinging Strike
0-2: Ball
1-2: Strikes out looking
Batting: RHB Dhyana Snigdha 0-0: Fielders Choice at 2nd, 6-4 (Groundball, 6)
Bottom of the 3rd over - 0 runs, 1 hit, 0 errors, 1 left on base; Durham 4 - Minnesota 0
TOP OF THE 4TH
Durham Rapiers batting - Pitching for Minnesota Loons : LHP Steve Tedder
Batting: LHB Alberto Garza 0-0: Called Strike
0-1: Called Strike
0-2: Ball
1-2: Ball
2-2: Foul Ball, location: 2F
2-2: Ball
3-2: Foul Ball, location: 2F
3-2: Strikes out swinging
Batting: RHB Tomás Costello 0-0: Ball
1-0: Ball
2-0: Ball
3-0: Base on Balls
Batting: RHB Tomás Duarte 0-0: Foul Ball, location: 2F
0-1: Fly out, F9 (Flyball, 89M)
Batting: RHB Guillermo Mata 0-0: Called Strike
0-1: SINGLE (Popup, 34D)
Tomás Costello to second
Runner from 2nd tries for 3rd, SAFE, no throw
Batting: RHB Armando Chamú 0-0: Ball
1-0: Ground out 1-3 (Groundball, 13S)
Top of the 4th over - 0 runs, 1 hit, 0 errors, 2 left on base; Durham 4 - Minnesota 0
BOTTOM OF THE 4TH
Minnesota Loons batting - Pitching for Durham Rapiers : RHP Francisco Rivera
Batting: RHB Jorge Echevarría 0-0: Ball
1-0: Foul Ball, location: 2F
1-1: Ball
2-1: Fly out, F9 (Flyball, 9LD)
Batting: RHB Ángelo Delgado 0-0: Foul Ball, location: 2F
0-1: Ball
1-1: Ball
2-1: Foul Ball, location: 2F
2-2: Ball
3-2: Fly out, F8 (Flyball, 78D)
Batting: RHB Luis Delvalle 0-0: Called Strike
0-1: Foul Ball, location: 2F
0-2: Ball
1-2: Strikes out swinging
Bottom of the 4th over - 0 runs, 0 hits, 0 errors, 0 left on base; Durham 4 - Minnesota 0
TOP OF THE 5TH
Durham Rapiers batting - Pitching for Minnesota Loons : LHP Steve Tedder
Batting: RHB Raúl Moreno 0-0: Called Strike
0-1: SINGLE (Groundball, 6MD)
Batting: RHB Júlio Gonzáles 0-0: Sac Bunt - play at first, batter OUT! U3
Raúl Moreno to second
Batting: RHB Yoshi Kouda 0-0: Foul Ball, location: 2F
0-1: Ball
1-1: Called Strike
1-2: Foul Ball, location: 2F
1-2: Ball
2-2: Strikes out swinging
Pitching: RHP Horatio McAllister
Batting: SHB Fernando Rincón 0-0: Ball
1-0: SINGLE (Groundball, 4MD)
Raúl Moreno to third
Runner from 3rd tries for Home, SAFE, no throw
Batting: LHB Alberto Garza 0-0: Foul Ball, location: 2F
0-1: Fly out, F9 (Flyball, 89D)
Top of the 5th over - 1 run, 2 hits, 0 errors, 1 left on base; Durham 5 - Minnesota 0
BOTTOM OF THE 5TH
Minnesota Loons batting - Pitching for Durham Rapiers : RHP Francisco Rivera
Batting: RHB Júlio Vargas 0-0: Ball
1-0: Called Strike
1-1: Fly out, F7 (Flyball, 7S)
Batting: RHB Jimmy Fick 0-0: Called Strike
0-1: Foul Ball, location: 2F
0-2: Ground out 6-3 (Groundball, 6D)
Batting: RHB Cody Jaeckel 0-0: Ground out U3 (Groundball, 34S)
Bottom of the 5th over - 0 runs, 0 hits, 0 errors, 0 left on base; Durham 5 - Minnesota 0
TOP OF THE 6TH
Durham Rapiers batting - Pitching for Minnesota Loons : RHP Horatio McAllister
Batting: RHB Tomás Costello 0-0: Ground out 4-3 (Groundball, 4MS)
Batting: RHB Tomás Duarte 0-0: Ball
1-0: Ball
2-0: Foul Ball, location: 2F
2-1: SINGLE (Groundball, 6MD)
Batting: RHB Guillermo Mata 0-0: Called Strike
0-1: Foul Ball, location: 2F
0-2: Ball
1-2: Foul Ball, location: 2F
1-2: Strikes out swinging
Batting: RHB Armando Chamú 0-0: Called Strike
0-1: Called Strike
0-2: Ball
1-2: Ball
2-2: SINGLE (Line Drive, 56)
Tomás Duarte to second
Tomás Duarte to third
Batting: RHB Raúl Moreno 0-0: Ball
1-0: Foul Ball, location: 2F
1-1: Ball
2-1: Foul Ball, location: 2F
2-2: Foul Ball, location: 2F
2-2: Fly out, F7 (Flyball, 7)
Top of the 6th over - 0 runs, 2 hits, 0 errors, 2 left on base; Durham 5 - Minnesota 0
BOTTOM OF THE 6TH
Minnesota Loons batting - Pitching for Durham Rapiers : RHP Francisco Rivera
Batting: RHB José de la Cavallería 0-0: Ball
1-0: Ball
2-0: Ground out 1-3 (Groundball, 15S)
Batting: RHB Rubén Medina 0-0: Called Strike
0-1: Ball
1-1: Ball
2-1: Foul Ball, location: 2F
2-2: Ball
3-2: Fly out, F7 (Flyball, 78S)
Batting: RHB Dhyana Snigdha 0-0: Called Strike
0-1: Foul Ball, location: 2F
0-2: Ball
1-2: Foul Ball, location: 2F
1-2: Strikes out swinging
Bottom of the 6th over - 0 runs, 0 hits, 0 errors, 0 left on base; Durham 5 - Minnesota 0
TOP OF THE 7TH
Durham Rapiers batting - Pitching for Minnesota Loons : RHP Horatio McAllister
Batting: RHB Júlio Gonzáles 0-0: Ball
1-0: Called Strike
1-1: Ball
2-1: Foul Ball, location: 2F
2-2: Strikes out swinging
Batting: RHB Yoshi Kouda 0-0: Ball
1-0: Ball
2-0: Swinging Strike
2-1: Foul Ball, location: 2F
2-2: Strikes out swinging
Batting: SHB Fernando Rincón 0-0: Called Strike
0-1: Fly out, F4 (Line Drive, 4)
Top of the 7th over - 0 runs, 0 hits, 0 errors, 0 left on base; Durham 5 - Minnesota 0
BOTTOM OF THE 7TH
Minnesota Loons batting - Pitching for Durham Rapiers : RHP Francisco Rivera
Batting: RHB Jorge Echevarría 0-0: Ball
1-0: Foul Ball, location: 2F
1-1: Foul Ball, location: 2F
1-2: Ground out 1-3 (Groundball, 13)
Batting: RHB Ángelo Delgado 0-0: Called Strike
0-1: Ball
1-1: Ball
2-1: Foul Ball, location: 2F
2-2: Ground out 4-3 (Groundball, 4)
Batting: RHB Luis Delvalle 0-0: Ball
1-0: Foul Ball, location: 2F
1-1: Called Strike
1-2: Foul Ball, location: 2F
1-2: Foul Ball, location: 2F
1-2: Fly out, F8 (Flyball, 8LD)
Bottom of the 7th over - 0 runs, 0 hits, 0 errors, 0 left on base; Durham 5 - Minnesota 0
TOP OF THE 8TH
Durham Rapiers batting - Pitching for Minnesota Loons : RHP Horatio McAllister
Batting: LHB Alberto Garza 0-0: Ball
1-0: Ground out 5-3 (Groundball, 56)
Batting: RHB Tomás Costello 0-0: Called Strike
0-1: Ball
1-1: Foul Ball, location: 2F
1-2: Strikes out swinging
Batting: RHB Tomás Duarte 0-0: Called Strike
0-1: Fly out, F3 (Line Drive, 34)
Top of the 8th over - 0 runs, 0 hits, 0 errors, 0 left on base; Durham 5 - Minnesota 0
BOTTOM OF THE 8TH
Minnesota Loons batting - Pitching for Durham Rapiers : RHP Francisco Rivera
Batting: RHB Júlio Vargas 0-0: Called Strike
0-1: Ball
1-1: SINGLE (Groundball, 56D)
Pitching: LHP Bill Minor
Batting: RHB Jimmy Fick 0-0: Ball
1-0: Ball
2-0: Called Strike
2-1: Ball
3-1: Called Strike
3-2: Base on Balls
Júlio Vargas to second
Batting: RHB Cody Jaeckel 0-0: Foul Ball, location: 2F
0-1: Swinging Strike
0-2: Foul Ball, location: 2F
0-2: Strikes out swinging
Batting: RHB José de la Cavallería 0-0: DOUBLE (Line Drive, 7LD)
Júlio Vargas scores
Jimmy Fick to third
Batting: RHB Rubén Medina 0-0: Called Strike
0-1: Called Strike
0-2: SINGLE (Groundball, 6S) (infield hit)
Jimmy Fick scores
José de la Cavallería to third
Batting: RHB Dhyana Snigdha 0-0: Ball
1-0: Foul Ball, location: 2F
1-1: Ball
2-1: Swinging Strike
2-2: Foul Ball, location: 2F
2-2: Strikes out swinging
Batting: RHB Jorge Echevarría 0-0: Ball
Wild Pitch!
José de la Cavallería scores
Rubén Medina to second
1-0: Ball
2-0: Foul Ball, location: 2F
2-1: Swinging Strike
2-2: Strikes out swinging
Bottom of the 8th over - 3 runs, 3 hits, 0 errors, 1 left on base; Durham 5 - Minnesota 3
TOP OF THE 9TH
Durham Rapiers batting - Pitching for Minnesota Loons : RHP Horatio McAllister
Batting: RHB Guillermo Mata 0-0: Ball
1-0: Ball
2-0: Called Strike
2-1: Foul Ball, location: 2F
2-2: Ball
3-2: Fly out, F5 (Line Drive, 56)
Batting: RHB Armando Chamú 0-0: Ball
1-0: Foul Ball, location: 2F
1-1: Swinging Strike
1-2: Strikes out swinging
Batting: RHB Raúl Moreno 0-0: Called Strike
0-1: Ball
1-1: Ball
2-1: Ball
3-1: Base on Balls
Pitching: RHP Aubrey McCrimmon
Batting: RHB Júlio Gonzáles 0-0: Ball
1-0: Called Strike
1-1: Swinging Strike
1-2: Strikes out swinging
Top of the 9th over - 0 runs, 0 hits, 0 errors, 1 left on base; Durham 5 - Minnesota 3
BOTTOM OF THE 9TH
Minnesota Loons batting - Pitching for Durham Rapiers : LHP Bill Minor
Batting: RHB Ángelo Delgado 0-0: Ball
1-0: Ground out 1-3 (Groundball, 13)
Batting: RHB Luis Delvalle 0-0: Called Strike
0-1: Ball
1-1: Foul Ball, location: 2F
1-2: Foul Ball, location: 2F
1-2: Foul Ball, location: 2F
1-2: Strikes out swinging
Batting: RHB Júlio Vargas 0-0: Ball
1-0: Swinging Strike
1-1: Foul Ball, location: 2F
1-2: Ball
2-2: Ground out 6-3 (Groundball, 6)
Bottom of the 9th over - 0 runs, 0 hits, 0 errors, 0 left on base; Durham 5 - Minnesota 3
Tuesday, June 12th, 2018 - OOTP Baseball 18.8 Build 76